 Dungeon Crawl Stone Soup version 0.20-a0-16-g0876c8e (webtiles) character file.

364331 Khazard the Brawler (level 21, -18/182 HPs)
             Began as a Demonspawn Fighter on Nov 3, 2016.
             Was the Champion of Cheibriados.
             Killed by the air
             ... invoked by a titan
              (22 damage)
             ... while paralysed by a sphinx
             ... on level 5 of the Vaults.
             The game lasted 01:16:25 (32247 turns).

Khazard the Brawler (Demonspawn Fighter)           Turns: 32247, Time: 01:16:25

Health: -18/182    AC: 38    Str: 40    XL:     21   Next: 55%
Magic:  0/44       EV: -1    Int: 31    God:    Cheibriados [******]
Gold:   529        SH:  0    Dex: 42    Spells: 11 memorised, 6 levels left

rFire  + . .     SeeInvis .       - Unarmed
rCold  + + .     Gourm    .     (armour currently unavailable)
rNeg   + . .     Faith    +     X - +2 buckler {rF+}
rPois  ∞         Spirit   +     w - +1 helmet
rElec  +         Reflect  .     h - +1 cloak "Imyvonoanki" {rC+ rCorr}
rCorr  +         Harm     .     (gloves unavailable)
MR     ++...                    (boots currently unavailable)
Stlth  +++++++...               o - amulet of faith
                                J - +5 ring of protection
                                a - ring "Xunabb" {MR+ MP+9 Str+6 Dex+4}

@: paralysed, agile, statue-form, marked, very slightly contaminated,
constricted, very slow
A: claws 3, thin skeletal structure 2, cold resistance 1, mutation resistance 1,
powered by death 3, magic shield, magic regeneration, magic link
a: End Transformation, Bend Time, Temporal Distortion, Slouch, Step From Time,
Renounce Religion
}: 2/15 runes: barnacled, abyssal


You were on level 5 of the Vaults.
You worshipped Cheibriados.
Cheibriados was exalted by your worship.
You were not hungry.
You were a stone statue.
You visited 6 branches of the dungeon, and saw 33 of its levels.
You visited the Abyss 2 times.
You visited 1 bazaar.
You also visited: Sewer, Ossuary, Ice Cave and Wizlab.

You collected 3577 gold pieces.
You spent 3048 gold pieces at shops.

Inventory:

Missiles
 W - 10 throwing nets (quivered)
Armour
 c - the +2 robe of Vines {NoDeviceHeal Regen+7}
   (You found it on level 2 of the Orcish Mines)

   It increases your rate of regeneration.
 h - the +1 cloak "Imyvonoanki" (worn) {rC+ rCorr}
   (You acquired it on level 2 of the Vaults)

   It protects you from cold.
   It protects you from acid and corrosion.
 i - a +2 robe of resistance
 w - a +1 helmet (worn)
 B - a +1 pair of boots (melded)
 F - a +2 robe of the Archmagi (melded)
 X - a +2 buckler of fire resistance (worn)
Jewellery
 a - the ring "Xunabb" (left claw) {MR+ MP+9 Str+6 Dex+4}
   (You bought it in a shop on level 1 of the Vaults)

   [ring of protection from magic]

   It affects your strength (+6).
   It affects your dexterity (+4).
   It affects your resistance to hostile enchantments.
   It affects your magic capacity (+9).
 o - an amulet of faith (around neck)
 u - an uncursed amulet of the gourmand
 y - an uncursed ring of protection from cold
 J - a +5 ring of protection (right claw)
Wands
 r - a wand of teleportation (2/9)
 D - a wand of heal wounds (4/9)
 G - a wand of iceblast (3/15)
 K - a wand of digging (11/24)
 L - a wand of flame (16/48)
 V - a wand of digging (9/24)
Scrolls
 d - 3 scrolls of magic mapping
 e - 5 scrolls of enchant armour
 f - 11 scrolls of remove curse
 j - 8 scrolls of amnesia
 m - 4 scrolls of recharging
 q - 4 scrolls of enchant weapon
 t - 3 scrolls of fog
 O - a scroll of identify
 S - 3 scrolls of teleportation
Potions
 b - 3 potions of resistance
 l - 3 potions of magic
 p - 2 potions of cancellation {unknown}
 s - 3 potions of cure mutation
 z - 8 potions of curing
 E - 3 potions of brilliance
 H - a potion of lignification
 P - 4 potions of ambrosia
Books
 g - the Catalogue of the Ghastly Mountains
   (You found it in a wizard's laboratory)

   Spells                             Type                      Level
   a - Bolt of Magma                  Conjuration/Fire/Earth       5
   b - Agony                          Necromancy                   5
   c - Cigotuvi's Embrace             Necromancy                   5
   d - Dispel Undead                  Necromancy                   5
 N - a book of Clouds

   Spells                             Type                      Level
   a - Mephitic Cloud                 Conjuration/Poison/Air       3
   b - Conjure Flame                  Conjuration/Fire             3
   c - Poisonous Cloud                Conjuration/Poison/Air       6
   d - Freezing Cloud                 Conjuration/Ice/Air          6
   e - Ring of Flames                 Charms/Fire                  7
Miscellaneous
 k - a fan of gales
 I - a disc of storms
Comestibles
 n - 3 meat rations
 v - 42 fruits
 x - 8 beef jerkies
 A - 14 bread rations
 M - a royal jelly
 Q - 2 slices of pizza


   Skills:
 - Level 5.8 Fighting
   Level 2.0 Axes
 - Level 4.7 Armour
 - Level 15.2 Dodging
 - Level 8.1 Stealth
 - Level 9.3 Shields
 * Level 18.7 Unarmed Combat
 - Level 10.0 Spellcasting
 - Level 5.2 Conjurations
 - Level 4.2 Charms
 - Level 6.3 Translocations
 - Level 10.6 Transmutations
 - Level 4.4 Air Magic
 - Level 15.3 Earth Magic
 - Level 10.0 Invocations


You had 6 spell levels left.
You knew the following spells:

 Your Spells              Type           Power        Failure   Level  Hunger
a - Petrify               Tmut/Erth      #######.     1%          4    None
d - Passwall              Tmut/Erth      #######...   1%          2    None
e - Lee's Rapid Deconstr  Erth           #######...   1%          5    ###....
i - Irradiate             Conj/Tmut      ######....   4%          5    ###....
k - Repel Missiles        Chrm/Air       #####.       1%          2    None
l - Stone Arrow           Conj/Erth      ######       1%          3    None
n - Lesser Beckoning      Tloc           ######....   1%          3    None
A - Apportation           Tloc           ######....   1%          1    None
S - Song of Slaying       Chrm           #####...     1%          2    None
T - Statue Form           Tmut/Erth      #######..    2%          6    #####..
Z - Summon Butterflies    Summ           ###.....     3%          1    None


Dungeon Overview and Level Annotations

Branches:
Dungeon (15/15)            Temple (1/1) D:4            Lair (6/6) D:11
 Shoals (4/4) Lair:4       Spider (0/4) Lair:3        Slime (0/5) Lair:6
    Orc (2/2) D:11            Elf (0/3) Orc:2        Vaults (5/5) D:14
  Crypt (0/3) Vaults:2     Depths (0/5) D:15

Altars:
Cheibriados
Dithmenos
Elyvilon
Fedhas
Kikubaaqudgha
Makhleb
Okawaru
Trog
Uskayaw
Yredelemnul
Zin

Shops:
D:11 (   Orc:2 [:%*   Vaults:1 =(*(=

Portals:
Pandemonium: Orc:2
Trove: D:11 (give 19 potions of curing)

Annotations:
D:4 p0werm0de's ghost, novice DsAK


Innate Abilities, Weirdness & Mutations

You have claws for hands.
You have a moderately thin skeletal structure. (Dex +4, Stealth+)
Your flesh is cold resistant. (rC+)
You regenerate a lot of health from kills.
When hurt, damage is shared between your health and your magic reserves.
You regenerate magic rapidly.
When low on magic, you restore magic in place of health.
You are somewhat resistant to further mutation.


Message History

The tentacled monstrosity tentacle-slaps you!
* * * LOW HITPOINT WARNING * * *
The tentacled monstrosity tentacle-slaps you.
* * * LOW HITPOINT WARNING * * *
The frost giant is engulfed in freezing vapours.
The shadow dragon completely misses you.
The shadow dragon claws you but does no damage. x2
The vault warden hits you from afar with a glaive!
* * * LOW HITPOINT WARNING * * *
The sphinx is empowered by something's aura!
The deep elf annihilator gestures wildly while chanting.
The deep elf annihilator blinks!
The yaktaur captain hits you but does no damage.
The tentacled monstrosity tentacle-slaps you but does no damage. x3
The tentacled monstrosity constricts you.
The stone giant hits you!!
* * * LOW HITPOINT WARNING * * *
The titan waves its arms in wide circles.
The air twists around and strikes you!
You die...

#†)...# #..
#).e..#
#C...#.Z...#
#D..c#.)...
#.c†.#.)..# .
#.)Cp#Z)..# ..
#.CCppDXZ.###..
...#..§ZHX8cpe).).
.......pDDDC......
##......pcC.######
......)..p.......
.....(...........
#################


You could see 2 shadow dragons, 2 tentacled monstrosities, an iron dragon, 2
ironheart preservers, 2 titans, 2 golden dragons, a fire giant, a sphinx, 2
stone giants, 4 vault wardens, a death knight, 3 yaktaur captains, a deep elf
annihilator, an ettin, a deep elf mage, a vault guard simulacrum, a deep elf
annihilator zombie, an ettin zombie and a vault sentinel skeleton.

Vanquished Creatures
  Bai Suzhen (Vaults:4)
  Frederick (Vaults:4)
  Nikola (Shoals:4)
  3 hellephants (Abyss:3)
  A quicksilver dragon (Vaults:5)
  A titan (Vaults:5)
  7 sphinxes
  Polyphemus (Shoals:4)
  Frances (Shoals:2)
  3 storm dragons (Vaults:5)
  2 tengu reavers
  Ilsuiw (Shoals:4)
  A frost giant (IceCv)
  2 orc warlords (Orc:2)
  3 deep elf sorcerers
  2 fire giants (Vaults:3)
  11 vault wardens
  Aizul (Vaults:4)
  2 draconian shifters (Abyss:3)
  3 deep elf elementalists (Vaults:5)
  8 stone giants
  11 very ugly things
  2 entropy weavers
  16 ironheart preservers
  A vampire knight (Vaults:2)
  4 deep elf demonologists
  4 deep elf annihilators
  7 dire elephants (Abyss:3)
  An eidolon (Vaults:2)
  9 purple draconians (WizLab)
  4 ettins
  9 statues (WizLab)
  2 fire dragons
  16 yaktaur captains
  10 merfolk javelineers
  10 merfolk impalers
  A deep elf high priest (Vaults:5)
  8 ogre magi
  38 vault guards
  2 great orbs of eyes
  5 ice dragons
  Fannar (D:12)
  7 hydras
  2 rakshasas
  3 catoblepae
  An alligator snapping turtle (Shoals:4)
  6 merfolk aquamancers
  8 centaur warriors
  A satyr (Shoals:4)
  Erica (D:9)
  6 merfolk avatars
  17 death yaks
  2 deep troll earth magi (Vaults:2)
  6 orc high priests (Orc:2)
  A tengu warrior (D:15)
  The ghost of Nattefrost the Grappler, a journeyman VSFi of Ru (Lair:1)
  A vampire mage (Vaults:2)
  A sun demon (Vaults:1)
  3 deep elf knights
  A wretched star (Abyss:3)
  2 fire crabs
  6 skeletal warriors
  A spatial maelstrom (Abyss:3)
  A shadow wraith (Vaults:3)
  A quicksilver dragon simulacrum (Vaults:5)
  A glowing orange brain (Vaults:1)
  9 sea snakes
  10 deep trolls
  A flayed ghost (Vaults:5)
  A gelid demonspawn (Orc:2)
  A torturous demonspawn (Orc:2)
  6 deep elf archers
  4 unseen horrors
  3 phantasmal warriors
  7 hill giants
  18 orc knights
  27 harpies
  7 ironbrand convokers
  2 necromancers
  11 orc sorcerers
  4 wolf spiders
  30 deep elf magi
  13 manticores
  16 fauns
  19 ugly things
  A shadow dragon skeleton (Abyss:3)
  13 cyclopes
  9 sirens
  Maurice (D:12)
  11 elephants
  A frost giant skeleton (Vaults:5)
  A black mamba (shapeshifter) (Vaults:4)
  7 black mambas
  14 vault sentinels
  8 water nymphs
  15 spiny frogs
  2 apocalypse crabs (Abyss:3)
  3 molten gargoyles (Lair:6)
  3 gargoyles
  An ice statue (IceCv)
  2 smoke demons
  6 rime drakes
  10 komodo dragons
  A kobold demonologist (D:14)
  An efreet (Abyss:3)
  8 freezing wraiths
  62 yaktaurs
  2 ancient zymes (Abyss:3)
  15 polar bears
  A troll (shapeshifter) (Vaults:1)
  7 trolls
  41 merfolk
  A jumping spider (Lair:3)
  3 meliai (D:13)
  A hornet (shapeshifter) (D:14)
  4 hornets
  A two-headed ogre (shapeshifter) (Vaults:5)
  15 two-headed ogres
  4 wind drakes
  A blink frog (shapeshifter) (Vaults:4)
  6 blink frogs
  12 hippogriffs
  A shadow dragon simulacrum (Vaults:5)
  A raiju (shapeshifter) (Vaults:4)
  20 slime creatures
  6 snapping turtles
  7 dream sheep
  2 dream sheep (shapeshifter) (Vaults:5)
  7 redbacks
  2 meliai zombies
  3 large abominations
  Sigmund (D:2)
  13 water elementals
  5 starcursed masses (Abyss:3)
  6 wyverns
  A yak (shapeshifter) (D:15)
  43 yaks
  A vampire (D:14)
  3 wraiths
  3 hungry ghosts
  6 basilisks
  2 fire bats (Shoals:3)
  A chaos spawn (Abyss:3)
  3 steam dragons
  3 neqoxecs
  2 spatial vortices
  Edmund (D:5)
  2 mottled dragons
  A swamp worm (shapeshifter) (D:15)
  4 vampire mosquitoes (D:11)
  5 wargs
  15 water moccasins
  4 hell hounds (Lair:6)
  Duvessa (D:7)
  A floating eye (shapeshifter) (Vaults:5)
  7 porcupines
  9 ice beasts
  An ettin simulacrum (Vaults:5)
  55 orc warriors
  3 phantoms
  An eye of draining (D:12)
  A black bear (D:10)
  A snapping turtle zombie (Abyss:3)
  37 ogres
  20 wolves
  20 crocodiles
  17 centaurs
  2 elf zombies (Ossuary)
  A bullfrog (shapeshifter) (Vaults:5)
  4 big kobolds
  A gnoll sergeant (D:11)
  17 bullfrogs
  A deep troll simulacrum (Vaults:3)
  Dowan (D:7)
  A scorpion (D:12)
  2 wyvern skeletons
  A water moccasin skeleton (D:12)
  A human simulacrum (Vaults:3)
  23 wights
  A howler monkey (D:4)
  3 electric eels
  3 centaur zombies
  5 crimson imps
  5 small abominations
  14 jellies
  5 lava snakes (Lair:6)
  A quasit (D:15)
  3 bullfrog zombies
  3 bullfrog skeletons
  7 hounds
  A human zombie (Ossuary)
  32 orc priests
  3 centaur skeletons
  21 orc wizards
  Jessica (D:2)
  12 worker ants
  10 iguanas
  3 hound zombies
  5 mummies
  13 adders
  13 gnolls
  3 shadow imps
  2 oozes (Lair:6)
  3 adder zombies
  An adder skeleton (D:7)
  2 worms
  2 dart slugs
  5 leopard geckos
  105 orcs
  A ball python (D:3)
  14 bats
  6 giant cockroaches
  11 hobgoblins
  9 jackals
  17 kobolds
  3 quokkas
  A ball python skeleton (D:5)
  9 frilled lizards
  2 gnoll zombies (Ossuary)
  7 goblins
  A jackal zombie (Ossuary)
  A kobold zombie (Ossuary)
  An orc zombie (Ossuary)
  A quokka zombie (D:9)
  7 rats
  A rat zombie (Ossuary)
  A crawling corpse (Vaults:5)
  A macabre mass (Vaults:5)
  2 plants (Shoals:1)
1566 creatures vanquished.

Vanquished Creatures (others)
  A vault warden (Vaults:5)
  A merfolk javelineer (Shoals:4)
  2 merfolk impalers (Shoals:4)
  A deep elf death mage (Vaults:1)
  A satyr (Shoals:3)
  An ironbrand convoker (Vaults:2)
  A deep elf mage (WizLab)
  A faun (Shoals:2)
  A vault sentinel (Vaults:2)
  A yaktaur (Vaults:2)
  6 merfolk (Shoals:4)
  2 yaks (Lair:4)
  A fire bat (Shoals:3)
  A water elemental (Shoals:4)
  A howler monkey (D:6)
  An orc wizard (Vaults:4)
  3 orcs
  A giant cockroach (D:6)
  A bush (Lair:6)
  9 fungi
  28 plants
65 creatures vanquished.

Grand Total: 1631 creatures vanquished

Notes
Turn   | Place    | Note
-------+----------+-------------------------------------------
     0 | D:1      | Khazard the Demonspawn Fighter began the quest for the Orb.
     0 | D:1      | Reached XP level 1. HP: 18/18 MP: 1/1
    98 | D:1      | Gained mutation: You have sharp fingernails. [demonic ancestry]
    98 | D:1      | Reached XP level 2. HP: 18/24 MP: 2/2
   256 | D:1      | Reached skill level 1 in Dodging
   491 | D:2      | Reached skill level 1 in Unarmed Combat
   491 | D:2      | Gained mutation: You regenerate a little health from kills. [demonic ancestry]
   491 | D:2      | Reached XP level 3. HP: 28/29 MP: 3/3
   564 | D:2      | Found a bloodstained altar of Trog.
   565 | D:2      | Noticed Jessica
   578 | D:2      | Killed Jessica
   578 | D:2      | Reached XP level 4. HP: 11/35 MP: 4/4
   821 | D:2      | Noticed Sigmund
   835 | D:2      | Killed Sigmund
   835 | D:2      | Reached skill level 2 in Unarmed Combat
   835 | D:2      | Gained mutation: You regenerate health from kills. [demonic ancestry]
   835 | D:2      | Reached XP level 5. HP: 40/41 MP: 5/5
  1121 | D:3      | Reached skill level 3 in Unarmed Combat
  1145 | D:2      | Gained mutation: You have very sharp fingernails. [demonic ancestry]
  1145 | D:2      | Reached XP level 6. HP: 29/47 MP: 6/6
  2156 | D:4      | Found a staircase to the Ecumenical Temple.
  2162 | Temple   | Entered the Ecumenical Temple
  2181 | Temple   | Became a worshipper of Cheibriados the Contemplative
  2203 | D:4      | Found a glowing drain.
  2239 | Sewer    | Entered a sewer
  2415 | Sewer    | Reached skill level 4 in Unarmed Combat
  2994 | D:4      | Noticed p0werm0de's ghost (novice DsAK)
  3012 | D:4      | Reached XP level 7. HP: 45/52 MP: 7/7
  3266 | D:5      | Entered Level 5 of the Dungeon
  3313 | D:5      | Reached * piety under Cheibriados
  3383 | D:5      | Reached skill level 5 in Unarmed Combat
  3888 | D:5      | Noticed Edmund
  3897 | D:5      | Killed Edmund
  3897 | D:5      | Reached skill level 6 in Unarmed Combat
  4285 | D:5      | Gained mutation: When hurt, damage is shared between your health and your magic reserves. [demonic ancestry]
  4285 | D:5      | Reached XP level 8. HP: 39/58 MP: 8/8
  4346 | D:5      | Reached skill level 7 in Unarmed Combat
  4595 | D:6      | Reached ** piety under Cheibriados
  4607 | D:6      | Reached skill level 8 in Unarmed Combat
  4623 | D:6      | Found a sand-covered staircase.
  4639 | Ossuary  | Entered an ossuary
  4901 | Ossuary  | Identified a scroll of acquirement
  4919 | D:6      | Got a pair of dazzling gloves
  4925 | D:6      | Identified the +0 pair of gloves of the Eternal Fruit {Str+5} (You acquired it on level 6 of the Dungeon)
  4932 | D:6      | Found a shadowy altar of Dithmenos.
  4970 | D:6      | Reached skill level 9 in Unarmed Combat
  5326 | D:6      | Reached XP level 9. HP: 53/63 MP: 9/9
  5547 | D:6      | Reached *** piety under Cheibriados
  5577 | D:7      | Reached skill level 1 in Invocations
  5658 | D:7      | Noticed Duvessa
  5659 | D:7      | Noticed Dowan
  5691 | D:7      | Killed Dowan
  5696 | D:7      | Killed Duvessa
  5962 | D:7      | Reached **** piety under Cheibriados
  6259 | D:8      | Reached skill level 5 in Invocations
  6584 | D:8      | Noticed a troll
  6590 | D:8      | Killed a troll
  6935 | D:9      | Reached ***** piety under Cheibriados
  6935 | D:9      | Gained mutation: You regenerate magic rapidly. [demonic ancestry]
  6935 | D:9      | Reached XP level 10. HP: 70/70 MP: 14/14
  7223 | D:9      | Reached skill level 10 in Unarmed Combat
  7237 | D:9      | Reached skill level 5 in Dodging
  7419 | D:9      | Noticed Erica
  7429 | D:9      | Killed Erica
  7429 | D:9      | Reached skill level 5 in Shields
  7477 | D:9      | Got a translucent leather armour
  7478 | D:9      | Identified the cursed +0 leather armour of the Carpenter {rElec rF- rN++ Str+5} (You found it on level 9 of the Dungeon)
  7609 | D:10     | Entered Level 10 of the Dungeon
  7625 | D:10     | Noticed a hill giant
  7634 | D:10     | Killed a hill giant
  7658 | D:10     | Noticed a hill giant
  7659 | D:10     | Noticed a hill giant
  7667 | D:10     | Killed a hill giant
  7674 | D:10     | Killed a hill giant
  8333 | D:11     | Found a portal to a secret trove of treasure.
  8482 | D:11     | Gained mutation: When low on magic, you restore magic in place of health. [demonic ancestry]
  8482 | D:11     | Reached XP level 11. HP: 75/75 MP: 17/17
  8538 | D:11     | Found Idex's Weapon Emporium.
  8538 | D:11     | Found a staircase to the Orcish Mines.
  8626 | D:11     | Noticed a four-headed hydra
  8631 | D:11     | Killed a four-headed hydra
  8739 | D:11     | Found a staircase to the Lair.
  8901 | D:11     | Got a heavily runed leather armour
  8902 | D:11     | Identified the +1 leather armour of Indecent Exposure {rC+} (You found it on level 11 of the Dungeon)
  8963 | D:11     | Killed an unseen horror
  8963 | D:11     | Reached skill level 11 in Unarmed Combat
  9303 | D:11     | Killed an unseen horror
  9472 | D:11     | Learned a level 4 spell: Petrify
  9581 | D:12     | Noticed Maurice
  9594 | D:12     | Killed Maurice
  9676 | D:12     | Reached ****** piety under Cheibriados
  9845 | D:12     | Killed an unseen horror
  9845 | D:12     | Reached skill level 1 in Spellcasting
  9845 | D:12     | Reached skill level 1 in Earth Magic
  9964 | D:12     | Noticed Fannar
  9966 | D:12     | Gained mutation: You have large cloven feet. [potion of beneficial mutation]
  9967 | D:12     | Gained mutation: You have a pair of small horns on your head. [potion of mutation]
  9967 | D:12     | Gained mutation: You can translocate small distances at will. [potion of mutation]
  9967 | D:12     | Gained mutation: Scrolls take you a little longer to read. [potion of mutation]
 10035 | D:12     | Lost mutation: You can translocate small distances at will. [potion of cure mutation]
 10035 | D:12     | Lost mutation: You have large cloven feet. [potion of cure mutation]
 10035 | D:12     | Lost mutation: You have a pair of small horns on your head. [potion of cure mutation]
 10035 | D:12     | Lost mutation: Scrolls take you a little longer to read. [potion of cure mutation]
 10134 | D:12     | Reached skill level 1 in Transmutations
 10357 | D:12     | Killed Fannar
 10357 | D:12     | Gained mutation: You have a somewhat thin skeletal structure. (Dex +2, Stealth) [demonic ancestry]
 10357 | D:12     | Reached XP level 12. HP: 64/81 MP: 19/19
 10491 | D:13     | Found a flickering gateway to a bazaar.
 10502 | Bazaar   | Entered a bazaar
 10519 | Bazaar   | Found Ruylad's General Store.
 10534 | Bazaar   | Found Ocatoc's Weapon Shoppe.
 10549 | Bazaar   | Found Bopp's Armour Shoppe.
 10564 | Bazaar   | Found Gufent's Weapon Shoppe.
 10953 | D:13     | Noticed a centaur warrior
 10971 | D:13     | Killed a centaur warrior
 11626 | D:13     | Learned a level 2 spell: Repel Missiles
 11769 | D:14     | Found a labyrinth entrance.
 12119 | Lair:1   | Entered Level 1 of the Lair of Beasts
 12129 | Lair:1   | Reached skill level 12 in Unarmed Combat
 12137 | Lair:1   | Noticed Nattefrost's ghost (journeyman VSFi)
 12146 | Lair:1   | Killed Nattefrost's ghost
 12240 | Lair:1   | Found a blossoming altar of Fedhas.
 12792 | Lair:2   | Found a frozen archway.
 12799 | IceCv    | Entered an ice cave
 12848 | IceCv    | Reached skill level 13 in Unarmed Combat
 12862 | IceCv    | Learned a level 2 spell: Passwall
 12983 | IceCv    | Gained mutation: You have claws for hands. [demonic ancestry]
 12983 | IceCv    | Reached XP level 13. HP: 66/86 MP: 20/20
 12996 | IceCv    | Learned a level 5 spell: Lee's Rapid Deconstruction
 13096 | IceCv    | Learned a level 5 spell: Irradiate
 13393 | IceCv    | Noticed a frost giant
 13428 | IceCv    | Killed a frost giant
 13442 | IceCv    | Reached skill level 5 in Earth Magic
 14210 | Lair:2   | Reached skill level 5 in Spellcasting
 14462 | Lair:3   | Reached skill level 5 in Transmutations
 14675 | Lair:3   | Found a hole to the Spider Nest.
 14692 | Lair:3   | Reached skill level 10 in Dodging
 14731 | Lair:3   | Reached XP level 14. HP: 82/93 MP: 22/22
 15941 | Lair:4   | Found a staircase to the Shoals.
 16950 | Lair:6   | Entered Level 6 of the Lair of Beasts
 17325 | Lair:6   | Found a staircase to the Slime Pits.
 17493 | Lair:6   | Reached skill level 5 in Fighting
 17516 | Lair:6   | Reached skill level 14 in Unarmed Combat
 17641 | Lair:6   | Found a large runed door.
 17645 | Lair:6   | Found a large runed door.
 19217 | D:14     | Gained mutation: You regenerate a lot of health from kills. [demonic ancestry]
 19217 | D:14     | Reached XP level 15. HP: 100/105 MP: 21/23
 19317 | D:14     | Learned a level 3 spell: Stone Arrow
 19374 | D:14     | Found a gate to the Vaults.
 19450 | D:14     | Reached skill level 10 in Earth Magic
 19499 | D:14     | Reached skill level 1 in Conjurations
 19928 | D:14     | Gained mutation: You are weak. (Str -2) [mutagenic meat]
 19929 | D:14     | Gained mutation: You are frail. (-10% HP) [mutagenic meat]
 19930 | D:14     | Lost mutation: You are weak. (Str -2) [mutagenic meat]
 19935 | D:14     | Gained mutation: You tend to lose your temper in combat. [mutagenic meat]
 19936 | D:14     | Gained mutation: Your flesh is heat resistant. (rF+) [mutagenic meat]
 19939 | D:14     | Gained mutation: Your magical capacity is low. (-10% MP) [mutagenic meat]
 19939 | D:14     | Lost mutation: Your magical capacity is low. (-10% MP) [potion of cure mutation]
 19939 | D:14     | Lost mutation: Your flesh is heat resistant. (rF+) [potion of cure mutation]
 19939 | D:14     | Lost mutation: You are frail. (-10% HP) [potion of cure mutation]
 19939 | D:14     | Lost mutation: You tend to lose your temper in combat. [potion of cure mutation]
 20175 | D:15     | Entered Level 15 of the Dungeon
 20554 | D:15     | Found a blossoming altar of Fedhas.
 20844 | D:15     | Found a staircase to the Depths.
 21212 | Orc:1    | Entered Level 1 of the Orcish Mines
 21419 | Orc:2    | Entered Level 2 of the Orcish Mines
 21504 | Orc:2    | Found a staircase to the Elven Halls.
 21688 | Orc:2    | Found Uraj's General Store.
 21703 | Orc:2    | Found Juethroda's Food Boutique.
 21890 | Orc:2    | Reached skill level 5 in Conjurations
 22243 | Orc:2    | Paralysed by an orc sorcerer for 5 turns
 23073 | Orc:2    | Found Baupruydd's Book Emporium.
 23073 | Orc:2    | Found a one-way gate leading to the halls of Pandemonium.
 23073 | Orc:2    | Found Foemnimm's Antique Armour Shoppe.
 23075 | Orc:2    | Bought a book of Transfigurations for 770 gold pieces
 23082 | Orc:2    | Learned a level 6 spell: Statue Form
 23189 | Orc:2    | Bought a buckler for 117 gold pieces
 23261 | Orc:2    | Reached XP level 16. HP: 111/111 MP: 24/26
 23449 | Orc:2    | L0l
 23449 | Orc:2    | L0L0L0L0L
 23461 | Orc:2    | THANKS
 23766 | Shoals:1 | Entered Level 1 of the Shoals
 24837 | Shoals:2 | Noticed Frances
 24844 | Shoals:2 | Killed Frances
 25809 | Shoals:3 | Gained mutation: You are somewhat resistant to further mutation. [potion of beneficial mutation]
 25985 | Shoals:3 | Reached skill level 1 in Charms
 25985 | Shoals:3 | Reached skill level 1 in Air Magic
 26216 | Shoals:3 | Reached XP level 17. HP: 116/116 MP: 29/29
 26219 | Shoals:4 | Entered Level 4 of the Shoals
 26219 | Shoals:4 | Noticed Ilsuiw
 26391 | Shoals:4 | Killed Ilsuiw
 26405 | Shoals:4 | Noticed Polyphemus
 26410 | Shoals:4 | Killed Polyphemus
 26485 | Shoals:4 | Noticed Nikola
 26539 | Shoals:4 | Killed Nikola
 26548 | Shoals:4 | Reached skill level 10 in Transmutations
 27078 | Shoals:4 | Reached skill level 10 in Spellcasting
 27126 | Shoals:4 | Got a barnacled rune of Zot
 27697 | Lair:3   | Reached skill level 10 in Invocations
 27878 | Vaults:1 | Entered Level 1 of the Vaults
 27883 | Vaults:1 | Cast into level 3 of the Abyss (a deep elf sorcerer)
 27988 | Abyss:3  | Noticed a hellephant
 28001 | Abyss:3  | Reached skill level 1 in Stealth
 28036 | Abyss:3  | Killed a hellephant
 28036 | Abyss:3  | Reached XP level 18. HP: 94/123 MP: 18/32
 28055 | Abyss:3  | Noticed a hellephant
 28062 | Abyss:3  | Reached skill level 5 in Stealth
 28070 | Abyss:3  | Noticed a hellephant
 28103 | Abyss:3  | Killed a hellephant
 28104 | Abyss:3  | Found a corrupted altar of Lugonu.
 28112 | Abyss:3  | Got an abyssal rune of Zot
 28121 | Abyss:3  | Killed a hellephant
 28127 | Vaults:1 | Escaped the Abyss
 28143 | Vaults:1 | Cast into level 3 of the Abyss (a deep elf sorcerer)
 28170 | Vaults:1 | Escaped the Abyss
 28353 | Orc:2    | Bought a book of Party Tricks for 700 gold pieces
 28353 | Orc:2    | Bought a book of Battle for 560 gold pieces
 28355 | Orc:2    | Learned a level 1 spell: Apportation
 28361 | Orc:2    | Learned a level 2 spell: Song of Slaying
 28366 | Orc:2    | Learned a level 3 spell: Lesser Beckoning
 28369 | Orc:2    | Learned a level 1 spell: Summon Butterflies
 28557 | Vaults:1 | Found Ujafax's Jewellery Shoppe.
 28565 | Vaults:1 | Bought the ring "Xunabb" {MR+ MP+9 Str+6 Dex+4} for 901 gold pieces
 28581 | Vaults:1 | Reached skill level 1 in Translocations
 28672 | Vaults:1 | Found Cufeatat's Antique Weapon Shop.
 29011 | Vaults:1 | Found Nuenk's Jewellery Emporium.
 29155 | Vaults:1 | Reached skill level 5 in Translocations
 29228 | Vaults:1 | Found Luol's Assorted Antiques.
 29494 | Vaults:1 | Gained mutation: Your flesh is cold resistant. (rC+) [demonic ancestry]
 29494 | Vaults:1 | Reached XP level 19. HP: 126/128 MP: 29/33
 29554 | Vaults:1 | Found Wifoic's Weapon Emporium.
 29627 | Vaults:2 | Reached skill level 15 in Unarmed Combat
 29737 | Vaults:2 | Got a dazzling cloak
 29748 | Vaults:2 | Identified the +1 cloak "Imyvonoanki" {rC+ rCorr} (You acquired it on level 2 of the Vaults)
 29801 | Vaults:2 | Found a staircase to the Crypt.
 30079 | Vaults:2 | GOOD
 30079 | Vaults:2 | BRING IT ONNNN
 30272 | Vaults:3 | Found a magical portal.
 30285 | WizLab   | Entered Iskenderun's Mystic Tower
 30600 | WizLab   | Identified the Catalogue of the Ghastly Mountains
 30653 | WizLab   | Identified Iskenderun's Incunabulum of Blows and Bruises
 30653 | WizLab   | Identified Iskenderun's Reference Book on Arcane Weapons
 31220 | Vaults:3 | Gained mutation: You have a moderately thin skeletal structure. (Dex +4, Stealth+) [demonic ancestry]
 31220 | Vaults:3 | Reached XP level 20. HP: 128/135 MP: 34/34
 31313 | Vaults:4 | Noticed Bai Suzhen
 31317 | Vaults:4 | Noticed Frederick
 31324 | Vaults:4 | Killed Bai Suzhen
 31338 | Vaults:4 | Killed Frederick
 31518 | Vaults:4 | Reached skill level 15 in Earth Magic
 31764 | Vaults:4 | Noticed Aizul
 31783 | Vaults:4 | Killed Aizul
 31850 | Vaults:4 | Reached skill level 15 in Dodging
 32004 | Vaults:4 | Reached skill level 16 in Unarmed Combat
 32189 | Vaults:5 | Entered Level 5 of the Vaults
 32202 | Vaults:5 | Noticed a golden dragon
 32210 | Vaults:5 | Noticed a golden dragon
 32212 | Vaults:5 | Reached skill level 17 in Unarmed Combat
 32212 | Vaults:5 | Reached XP level 21. HP: 140/140 MP: 23/35
 32234 | Vaults:5 | Reached skill level 18 in Unarmed Combat
 32244 | Vaults:5 | Paralysed by a sphinx for 4 turns
 32247 | Vaults:5 | HP: 4/182 [stone giant (12)]
 32247 | Vaults:5 | Killed from afar by a titan

Vault maps used:
D:1:      onia_arrival_pyramid, minmay_crystal_room, due_unseen_surprise
D:2:      first_bread, trog_hazing_becter, uniq_sigmund, uniq_jessica
D:4:      gup_sewer_entry_glass, nicolae_ashenzari_panopticon
D:5:      minmay_opposing_rooms, uniq_edmund
D:6:      basic_altar, gup_ossuary_entry_pyramid
D:7:      minmay_lizard_king, uniq_duvessa
D:8:      kennysheep_another_room, minmay_item_behind_shaft
D:9:      uniq_erica
D:11:     david_lair_generic, orc_david_3, nicolae_trove_entry_columns,
          grunt_ministairs_14, blue_anna_alchemist, corexii_checkpoint_a
D:12:     uniq_fannar, uniq_maurice
D:13:     serial_shops, bzr_entry_dummy
D:14:     erik_vaults_2, lab_entry_generic, roderic_hopi_sauvastika
D:15:     grunt_enter_depths_hoard, fedhas_altar_4
Temple:   compressed_dpeg_circular_temple
Lair:1:   basic_altar, grunt_megastairs_2
Lair:2:   portal_ice_cave_entry_pillars_1, serial_bayou_pond_b,
          infiniplex_staircase_pool
Lair:3:   spider_nest_entry_a, columned_hall_lemuel, beast_lair_carwin_10,
          grunt_megastairs_4
Lair:4:   minmay_shoals_entry_hut, nicolae_lair_yak_garden
Lair:5:   nicolae_lair_grove_arrangements, grunt_megastairs_1
Lair:6:   cheibrodos_lair_end_hotspot, minmay_slime_entry_jelly_boxes
Shoals:2: uniq_frances
Shoals:3: hangedman_shoal_volcano
Shoals:4: shoals_end_simple, shoal_ilsuiw, abandoned_shop, uniq_polyphemus,
          uniq_nikola
Orc:1:    lemuel_ogre_cave
Orc:2:    pf_orc_diabolical, minmay_orc_treasury
Vaults:1: nicolae_vaults_quartermaster, v_alt_pattern_4, v_rooms_4, v_rooms_3,
          grunt_vaults_hallway_short, nicolae_vaults_little_squares_2,
          vaults_room_door_ring, vaults_room_door_ring, serial_shops, shop,
          shop, shop_fountains, shop, shop_fountains
Vaults:2: v_pattern_3, minmay_crypt_entry_simple_box, v_misc_17,
          vaults_dpeg_encased_lava, ontoclasm_vaults_shout,
          nicolae_vaults_asterisk, v_rooms_1, vaults_mumra_hex, v_rooms_4
Vaults:3: vaults_dpeg_ring, vaults_dpeg_hooks, vaults_room_pools,
          vaults_room_fours, nicolae_vaults_quadrants, nicolae_vaults_alarming,
          ontoclasm_vaults_ring_small, nicolae_vaults_little_squares_5,
          nicolae_vaults_sealed_display, v_misc_11, vaults_dpeg_spiral,
          vaults_mumra_chevron, vaults_room_door_hall, serial_shops, shop,
          mu_enter_wizlab_3, uniq_donald
Vaults:4: nicolae_vaults_diagonal_hallway_7, hangedman_vaults_stagger,
          ontoclasm_vaults_chip, ontoclasm_vaults_hangar, vaults_room_corners,
          ontoclasm_vaults_decontamination, nicolae_vaults_gold_heap,
          grunt_vaults_swirl, ontoclasm_vaults_spin,
          nicolae_vaults_border_crossing, nicolae_vaults_rhombus_5,
          uniq_bai_suzhen, uniq_frederick, uniq_aizul
Vaults:5: serial_shops
Abyss:3:  evilmike_abyss_exit_4, hangedman_abyss_rune_macabre_mess
Bazaar:   bazaar_long_row
Sewer:    sewer_big_baddie
Ossuary:  ossuary_minmay_tomb_2a
IceCv:    ice_cave_caverns_03
WizLab:   wizlab_iskenderun

Skill      XL: |  1  2  3  4  5  6  7  8  9 10 11 12 13 14 15 16 17 18 19 20 21 |
---------------+----------------------------------------------------------------+-----
Axes           | 2 |  2.0
Shields        | 3 4 5 7 9 |  9.3
Dodging        | 1 2 4 6 9 10 11 12 14 15 | 15.2
Unarmed Combat | 1 2 3 4 6 9 10 11 13 14 15 17 18 | 18.7
Armour         | 3 4 |  4.7
Invocations    | 5 9 10 | 10.0
Spellcasting   | 1 3 5 6 8 10 | 10.0
Earth Magic    | 1 3 7 9 11 12 13 14 15 | 15.3
Transmutations | 1 3 5 9 10 | 10.6
Fighting       | 5 |  5.8
Conjurations   | 5 |  5.2
Charms         | 1 4 |  4.2
Air Magic      | 1 4 |  4.4
Stealth        | 3 8 |  8.1
Translocations | 5 6 |  6.3

Action                   |  1- 3 |  4- 6 |  7- 9 | 10-12 | 13-15 | 16-18 | 19-21 || total
-------------------------+-------+-------+-------+-------+-------+-------+-------++-------
Melee: War axe           |    27 |       |       |       |       |       |       ||    27
       Unarmed           |    79 |   242 |   503 |   724 |  1325 |  1134 |   521 ||  4528
       Headbutt          |       |       |       |     4 |       |       |       ||     4
Throw: Throwing net      |       |       |       |     1 |     3 |       |       ||     4
 Cast: Repel Missiles    |       |       |       |     1 |     4 |    12 |     7 ||    24
       Lee's Rapid Decon |       |       |       |       |    12 |    24 |    53 ||    89
       Petrify           |       |       |       |       |     6 |       |    12 ||    18
       Irradiate         |       |       |       |       |     2 |       |     6 ||     8
       Passwall          |       |       |       |       |     1 |       |       ||     1
       Stone Arrow       |       |       |       |       |    63 |     2 |       ||    65
       Statue Form       |       |       |       |       |     1 |    43 |    34 ||    78
       Song of Slaying   |       |       |       |       |       |     2 |     1 ||     3
       Lesser Beckoning  |       |       |       |       |       |       |     5 ||     5
Invok: Slouch            |       |       |       |     4 |    18 |     9 |    10 ||    41
       Bend Time         |       |       |       |       |     3 |       |       ||     3
       Temporal Distorti |       |       |       |       |       |     3 |       ||     3
 Abil: End Transformatio |       |       |       |       |       |     1 |     2 ||     3
Evoke: Wand              |       |     2 |     3 |     3 |     5 |       |     2 ||    15
       Fan of gales      |       |       |       |       |     1 |       |       ||     1
       Phantom mirror    |       |       |       |       |     1 |       |       ||     1
  Use: Potion            |     1 |     7 |     3 |     6 |     8 |     3 |     2 ||    30
       Scroll            |       |     9 |    11 |    11 |    15 |     2 |     5 ||    53
 Stab: Paralysed         |       |     7 |     7 |       |       |       |       ||    14
       Sleeping          |       |       |       |    10 |    11 |     4 |     7 ||    32
       Distracted        |       |       |       |     2 |     6 |     3 |     2 ||    13
       Invisible         |       |       |       |       |     5 |       |       ||     5
       Held in net/web   |       |       |       |       |     5 |       |       ||     5
       Petrified         |       |       |       |       |     6 |     3 |     1 ||    10
       Petrifying        |       |       |       |       |     3 |       |     2 ||     5
  Eat: Bread ration      |       |     2 |     1 |       |       |       |       ||     3
       Chunk             |       |     1 |     4 |     6 |    26 |     7 |     3 ||    47
       Meat ration       |       |       |     1 |     1 |     2 |     5 |     4 ||    13
       Pizza             |       |       |       |     3 |     1 |       |       ||     4
       Royal jelly       |       |       |       |       |     1 |       |       ||     1
Armor: Scale mail        |    62 |    92 |    10 |       |       |       |       ||   164
       Chain mail        |       |       |   250 |    36 |       |       |       ||   286
       Skin              |       |       |     8 |       |     4 |   646 |   367 ||  1025
       Leather armour    |       |       |       |    61 |       |       |       ||    61
       Robe              |       |       |       |    21 |   150 |    75 |     7 ||   253
Dodge: Dodged            |    45 |    94 |   145 |   448 |   860 |  2282 |  1234 ||  5108
       Deflected         |       |       |       |       |    15 |    55 |    27 ||    97
Block: Shield            |    59 |   126 |   304 |   552 |   858 |       |       ||  1899
       Buckler           |       |       |       |       |    10 |  1228 |   624 ||  1862
       Reflection        |       |       |       |       |       |    29 |       ||    29
